 Dungeon Crawl Stone Soup version 0.21.0-3-g78d12a8 (webtiles) character file.

1584 theanonym the Firebug (level 8, -6/46 HPs)
             Began as an Octopode Fire Elementalist on Jan 10, 2018.
             Mangled by a centaur (8 damage)
             ... on level 6 of the Dungeon.
             The game lasted 00:35:23 (10034 turns).

theanonym the Firebug (Octopode Fire Elementalist) Turns: 10034, Time: 00:35:24

Health: -6/46      AC:  1    Str:  7    XL:     8   Next: 92%
Magic:  3/12       EV: 13    Int: 19    God:
Gold:   254        SH:  0    Dex: 13    Spells: 0/13 levels left

rFire    + . .     SeeInvis .   l - +5 whip
rCold    . . .     Gourm    .   (no shield)
rNeg     . . .     Faith    .   (helmet restricted)
rPois    .         Spirit   .   (no amulet)
rElec    .         Reflect  .   i - ring of protection from fire {rF+}
rCorr    .         Harm     .   (no ring)
MR       .....                  (no ring)
Stlth    +++.......             (no ring)
HPRegen  0.15/turn              (no ring)
MPRegen  0.13/turn              (no ring)
                                (no ring)
                                (no ring)

@: very slightly contaminated, hasted, very quick
A: almost no armour, stealthy swim, amphibious, 8 rings, constrict 8, camouflage
1, gelatinous body 1
a: no special abilities


Innate Abilities, Weirdness & Mutations

You cannot wear most types of armour.
You are very stealthy in the water. (Stealth+)
You are amphibious.
You can wear up to eight rings at the same time.
You can use your tentacles to constrict eight enemies at once.
Your skin changes colour to match your surroundings (Stealth+).
Your rubbery body absorbs attacks. (AC +1, EV +1)


   Skills:
 - Level 2.0 Dodging
 - Level 2.6 Stealth
 - Level 3.0 Spellcasting
 + Level 7.8 Conjurations
 + Level 7.8 Fire Magic


You couldn't memorise any spells.
You knew the following spells:

 Your Spells              Type           Power        Failure   Level  Hunger
a - Flame Tongue          Conj/Fire      ####.        1%          1    None
b - Conjure Flame         Conj/Fire      ####....     1%          3    ###....
c - Sticky Flame          Conj/Fire      ####....     6%          4    ####...
f - Fireball              Conj/Fire      ####......   17%         5    ######.

Skill      XL: |  1  2  3  4  5  6  7  8 |
---------------+-------------------------+-----
Conjurations   | 2 3 4 5 6 7 |  7.8
Spellcasting   | 3 |  3.0
Fire Magic     | 4 5 6 7 |  7.8
Dodging        | |  2.0
Stealth        | |  2.6

Action                   |  1- 3 |  4- 6 |  7- 9 || total
-------------------------+-------+-------+-------++-------
Melee: Unarmed           |     3 |       |       ||     3
       Dagger            |     7 |       |       ||     7
       Constrict         |     7 |     8 |    10 ||    25
       Whip              |    19 |    61 |    43 ||   123
       Tentacles         |     2 |     4 |     5 ||    11
 Cast: Flame Tongue      |    52 |    97 |    86 ||   235
       Conjure Flame     |       |     7 |     7 ||    14
       Sticky Flame      |       |     2 |     3 ||     5
       Fireball          |       |       |    15 ||    15
  Use: Scroll            |       |     8 |     9 ||    17
       Potion            |       |     4 |     2 ||     6
 Stab: Sleeping          |     5 |       |       ||     5
       Distracted        |       |     1 |       ||     1
  Eat: Chunk             |     3 |     6 |     8 ||    17
       Ration            |       |     2 |     4 ||     6
Armor: Skin              |     3 |    16 |     3 ||    22
Dodge: Dodged            |    35 |    46 |    48 ||   129

Inventory:

Hand Weapons
 f - a +0 dagger
   (You found it on level 1 of the Dungeon)
 g - a +0 dagger of speed
   (You took it off an orc on level 5 of the Dungeon)
 l - a +5 whip (weapon)
   (You took it off a kobold on level 1 of the Dungeon)
 v - a cursed -2 dagger
   (You took it off Robin on level 3 of the Dungeon)
Missiles
 b - 11 sling bullets
Jewellery
 i - a ring of protection from fire (left tentacle) {rF+}
   (You found it on level 4 of the Dungeon)
 p - an uncursed ring of ice {rC+ rF-}
   (You found it on level 2 of the Dungeon)
Scrolls
 j - a scroll of remove curse
 o - 3 scrolls of immolation
 u - a scroll of enchant armour
 y - a scroll of magic mapping
Potions
 c - 2 potions of mutation
 d - a potion of ambrosia
 k - 2 potions of cancellation
 s - a potion of brilliance {unknown}
 w - 3 potions of curing
Books
 a - a book of Flames
Comestibles
 e - 5 rations
 h - 3 chunks of flesh


You were on level 6 of the Dungeon.
You were hungry.

You visited 1 branch of the dungeon, and saw 6 of its levels.

You collected 254 gold pieces.

Dungeon Overview and Level Annotations

Branches:
Dungeon (6/15)
 Temple: D:4-7

Altars:
Ashenzari
Fedhas

Shops:
D:6 [

Annotations:
D:1 dig
D:4 exclusion: ogre, MDvedh's ghost, novice MfAE

....>..........# .
.............#.#.#
#...
..............∩..#
..#
.............#.#.....
#
..#......./.......###
....
...............####
.... ..............##
#### .....#c##.....#
# .......@(<)####
.......S##.#
........##.###
!..J###....).#
....###..#...#
.....%..?....#
.....###.....# ...
##..### .. #..S.#


You could see a centaur, a jelly and an adder.

Notes
Turn   | Place    | Note
-------+----------+-------------------------------------------
     0 | D:1      | theanonym the Octopode Fire Elementalist began the quest for the Orb.
     0 | D:1      | Reached XP level 1. HP: 11/11 MP: 3/3
   237 | D:1      | Reached XP level 2. HP: 17/17 MP: 3/5
   872 | D:1      | Reached skill level 2 in Conjurations
  1068 | D:1      | Noticed a big kobold
  1068 | D:1      | Noticed a big kobold
  1069 | D:1      | Noticed a big kobold
  1080 | D:1      | Reached XP level 3. HP: 21/21 MP: 2/6
  1088 | D:1      | Learned a level 3 spell: Conjure Flame
  1133 | D:1      | Noticed a big kobold
  1706 | D:2      | Reached XP level 4. HP: 23/27 MP: 4/7
  1747 | D:2      | Learned a level 4 spell: Sticky Flame
  1909 | D:2      | Noticed Sigmund
  2311 | D:3      | Reached skill level 3 in Conjurations
  2446 | D:3      | Noticed Ratty's ghost (amateur CeHu)
  2512 | D:4      | theanonym: !lg . killer=~orc priest s=race
  2512 | D:4      | beem: No games for theanonym (killer=~orc priest).
  2512 | D:4      | theanonym: !lg . killer=~orc_priest s=race
  2512 | D:4      | beem: 25 games for theanonym (killer=~orc_priest): 4x Minotaur, 3x Gargoyle, 3x Formicid, 2x Mummy, 2x Hill Orc, 2x Octopode, 2x Demigod, Tengu, Draconian, Gnoll, Human, Merfolk, Purple Draconian, Spriggan
  2553 | D:4      | Noticed a phantom
  2568 | D:4      | Reached XP level 5. HP: 23/31 MP: 0/9
  2570 | D:4      | HP: 13/31 [adder (5)]
  2575 | D:4      | HP: 11/31 [adder (2)]
  2587 | D:4      | HP: 11/31 [giant cockroach (1)]
  2820 | D:4      | Noticed an ogre
  2881 | D:4      | Reached skill level 3 in Spellcasting
  2898 | D:4      | Reached skill level 4 in Fire Magic
  3368 | D:4      | Found a blossoming altar of Fedhas.
  3377 | D:4      | HP: 13/31 [something (11)]
  3391 | D:4      | Reached skill level 4 in Conjurations
  3897 | D:4      | Reached XP level 6. HP: 33/36 MP: 7/10
  4311 | D:4      | Noticed MDvedh's ghost (novice MfAE)
  4513 | D:3      | Noticed Robin
  4951 | D:3      | Killed Robin
  5268 | D:3      | HP: 12/36 [Ratty's ghost (7)]
  5272 | D:3      | Killed Ratty's ghost
  5272 | D:3      | Reached skill level 5 in Conjurations
  5272 | D:3      | Reached skill level 5 in Fire Magic
  5272 | D:3      | Reached XP level 7. HP: 8/41 MP: 9/11
  6327 | D:4      | HP: 20/41 [MDvedh's ghost (7)]
  6549 | D:5      | Entered Level 5 of the Dungeon
  6897 | D:5      | Noticed Prince Ribbit
  6934 | D:5      | Killed Prince Ribbit
  7151 | D:5      | Found a shattered altar of Ashenzari.
  7464 | D:5      | Reached skill level 6 in Conjurations
  7464 | D:5      | Reached skill level 6 in Fire Magic
  7468 | D:5      | Reached XP level 8. HP: 46/46 MP: 0/12
  7667 | D:5      | Learned a level 5 spell: Fireball
  7925 | D:5      | Found a runed door.
  8038 | D:6      | Found Ickigi's Antique Armour Boutique.
  8077 | D:6      | Noticed Menkaure
  8083 | D:6      | Killed Menkaure
  8145 | D:5      | HP: 23/46 [poisoned by a scorpion]
  8150 | D:5      | HP: 21/46 [poisoned by a scorpion]
  8156 | D:5      | HP: 20/46 [poisoned by a scorpion]
  8164 | D:5      | HP: 19/46 [poisoned by a scorpion]
  8365 | D:6      | Reached skill level 7 in Conjurations
  8637 | D:6      | Reached skill level 7 in Fire Magic
  9365 | D:2      | Killed Sigmund
  9832 | D:5      | Noticed Crazy Yiuf
  9834 | D:5      | Killed Crazy Yiuf
 10031 | D:6      | HP: 23/46 [centaur (6)]
 10033 | D:6      | HP: 5/46 [centaur (9)]
 10034 | D:6      | HP: 2/46 [adder (4)]
 10034 | D:6      | Mangled by a centaur

Vanquished Creatures
  Prince Ribbit (D:5)
  Sigmund (D:2)
  Menkaure (D:6)
  The ghost of Ratty the Shooter, an amateur CeHu (D:3)
  An ogre (D:5)
  A phantom (D:3)
  A bullfrog (D:6)
  2 scorpions
  A howler monkey (D:5)
  3 hounds
  5 orc priests
  A bullfrog skeleton (D:5)
  An orc wizard (D:4)
  Crazy Yiuf (D:5)
  A centaur skeleton (D:4)
  2 iguanas
  A worker ant (D:4)
  A hound zombie (D:5)
  A hound skeleton (D:4)
  Robin (D:3)
  6 adders
  An ooze (D:2)
  An adder skeleton (D:4)
  3 worms (D:3)
  A dart slug (D:2)
  7 leopard geckos
  25 orcs
  2 ball pythons
  2 giant cockroaches
  21 goblins
  6 hobgoblins
  3 jackals (D:2)
  2 quokkas (D:2)
  5 bats
  5 frilled lizards
  9 kobolds
  A leopard gecko skeleton (D:4)
  A quokka skeleton (D:6)
  6 rats
135 creatures vanquished.

Table legend:
 A = Turns spent in this place as a percentage of turns spent in the entire game.
 B = Non-inter-level travel turns spent in this place as a percentage of non-inter-level travel turns spent in the entire game.
 C = Inter-level travel turns spent in this place as a percentage of turns spent in this place.
 D = Turns resting spent in this place as a percentage of non-inter-level travel turns spent in this place.
 E = Turns spent auto-exploring this place as a percentage of non-inter-level travel turns spent in this place.
 F = Non-inter-level travel turns spent in this place divided by the number of levels of this place that you've seen.
                   A       B       C       D       E      F
               +-------+-------+-------+-------+-------+----------------------
         Total | 100.0 | 100.0 |  10.0 |  45.1 |  37.5 | 1505.3
       Dungeon | 100.0 | 100.0 |  10.0 |  45.1 |  37.5 | 1505.3
               +-------+-------+-------+-------+-------+----------------------
